 Dungeon Crawl Stone Soup version 0.29.0-4-gdea44cf6ec (webtiles) character file.

Game seed: 10422112577395781905

544 qw the Chopper (level 7, 0/40 HPs)
             Began as a Tengu Warper on Aug 28, 2022.
             Was an Initiate of Okawaru.
             Killed from afar by an oklob plant (19 damage)
             ... with a splash of acid
             ... on level 4 of the Dungeon.
             The game lasted 00:00:32 (5194 turns).

qw the Chopper (Tengu Warper)                       Turns: 5194, Time: 00:00:32

Health: 0/40       AC:  5    Str: 13    XL:     7   Next: 27%
Magic:  11/11      EV:  6    Int: 14    God:    Okawaru [......]
Gold:   233        SH: 10    Dex: 19    Spells: 10/10 levels left

rFire   . . .      SeeInvis .   Y - +0 hand axe
rCold   . . .      Faith    .   h - +0 kite shield
rNeg    . . .      Spirit   .   p - +0 chain mail
rPois   .          Reflect  .   (helmet restricted)
rElec   .          Harm     .   (no cloak)
rCorr   .          Rampage  .   i - +0 pair of gloves
Will    +....                   (boots unavailable)
Stlth   ..........              (no amulet)
HPRegen 0.13/turn               b - +6 ring of dexterity
MPRegen 0.12/turn               k - ring of willpower

@: corroded, flying quickly and evasively, quick
A: beak, talons 3, nimble flight
a: Renounce Religion


You were on level 4 of the Dungeon.
You worshipped Okawaru.
Okawaru was noncommittal.
You visited 2 branches of the dungeon, and saw 5 of its levels.

You collected 233 gold pieces.


Innate Abilities, Weirdness & Mutations

You have a beak for a mouth.
You have claws for feet.
Your magical nature lets you fly swiftly and evasively.


   Skills:
 - Level 2.0 Fighting
 + Level 6.6 Axes
 - Level 1.0 Throwing
 - Level 2.1 Armour
 - Level 2.1 Dodging
 - Level 4.2 Shields
 - Level 2.0 Spellcasting
 - Level 2.4 Translocations


You had 10 spell levels left.
You didn't know any spells.
Your spell library contained the following spells:

 Spells                   Type           Power      Damage    Failure   Level
 Blink                    Tloc           16%        N/A       100%        2
 Gell's Gravitas          Tloc           8%         N/A       100%        3
 Lesser Beckoning         Tloc           8%         N/A       100%        3
 Teleport Other           Tloc           8%         N/A       100%        3
 Manifold Assault         Tloc           8%         N/A       100%        5

Inventory:

Hand Weapons
 m - a +0 flail
 Y - a +0 hand axe (weapon)
Armour
 h - a +0 kite shield (worn)
 i - a +0 pair of gloves (worn)
 p - a +0 chain mail (worn)
Jewellery
 b - a +6 ring of dexterity (left hand)
 k - a ring of willpower (right hand)
 q - a ring of positive energy
Scrolls
 d - a scroll of identify
 j - a scroll of silence {unknown}
 n - 2 scrolls of teleportation
 r - a scroll of vulnerability {unknown}
Potions
 a - a potion of degeneration {unknown}
 c - a potion of attraction {unknown}
 e - a potion of invisibility {unknown}
 f - a potion of mutation {unknown}
 g - a potion of berserk rage {unknown}
 l - a potion of curing
 o - 2 potions of haste
 s - a potion of heal wounds {unknown}

Dungeon Overview and Level Annotations

Branches:
Dungeon (4/15)             Temple (1/1) D:4

Altars:
Ashenzari
Fedhas
Gozag
Hepliaklqana
Kikubaaqudgha
Makhleb
Nemelex Xobeh
Okawaru
Qazlal
Sif Muna
Trog
Uskayaw
Vehumet
Xom
Yredelemnul
Zin
The Shining One


Message History

The oklob plant is lightly damaged.
You hit the fungus. You hit the plant. The oklob plant spits acid at you.
The splash of acid hits you!!
Ouch! That really hurt!
The acid corrodes you!
You hit the oklob plant but do no damage.
You claw the oklob plant, but do no damage.
The oklob plant is lightly damaged.
You hit the fungus. You hit the plant but do no damage.
A nearby plant withers and dies.
A nearby fungus withers and dies.
You hit the oklob plant but do no damage.
You claw the oklob plant.
You peck the oklob plant, but do no damage.
The oklob plant is lightly damaged.
You hit the oklob plant but do no damage.
You claw the oklob plant, but do no damage.
The oklob plant is lightly damaged.
You hit the oklob plant.
You claw the oklob plant, but do no damage.
You peck the oklob plant, but do no damage.
The oklob plant is lightly damaged.
You hit the oklob plant but do no damage.
You peck the oklob plant.
The oklob plant is lightly damaged.
You hit the oklob plant but do no damage.
The oklob plant is lightly damaged.
You hit the oklob plant. You claw the oklob plant.
The oklob plant is lightly damaged.
You hit the oklob plant. You claw the oklob plant.
The oklob plant is moderately damaged.
You hit the oklob plant but do no damage.
You claw the oklob plant, but do no damage.
The oklob plant is moderately damaged.
You hit the oklob plant but do no damage.
You peck the oklob plant, but do no damage.
The oklob plant is moderately damaged.
The oklob plant spits acid at you. The splash of acid hits you!!
You die...

P.~~~~._.~~~~..#.P#
..~~~~...~~~~.#..P#
~~~.~~~~~.#...#
~~~.~~~~..#.#.#
~~~.~~~..P.#PP#
.~~.~~..#..PPP#
...........PP.#
##.#.........##
#.P....P..@.PP#
.#.##.PPP#.PP.#
PPPPP##...#P..# ##
#################
.####..####.#
............#
.####..###### ##
##..# # #...####


You could see an oklob plant.

Vanquished Creatures
  2 black bears (D:4)
  A jelly (D:4)
  A hound (D:3)
  Natasha (thrice) (D:3)
  An orc wizard (D:4)
  A gnoll (D:1)
  9 adders
  4 worms
  A dart slug (D:4)
  9 orcs
  11 ball pythons
  8 bats
  5 endoplasms
  A giant cockroach (D:4)
  6 goblins
  5 hobgoblins
  3 jackals (D:3)
  9 kobolds
  6 quokkas
  7 frilled lizards
  2 rats
95 creatures vanquished.

Vanquished Creatures (others)
  21 fungi (D:4)
  41 plants (D:4)
62 creatures vanquished.

Grand Total: 157 creatures vanquished

Notes
Turn   | Place    | Note
-------+----------+-------------------------------------------
     0 | D:1      | qw the Tengu Warper began the quest for the Orb.
     0 | D:1      | Reached XP level 1. HP: 12/12 MP: 4/4
     0 | D:1      | 0 ||| qw: Version: 0.1-a-89-g26bdef1
     0 | D:1      | 0 ||| qw: Game counter: 3217
     0 | D:1      | 0 ||| qw: Always use a shield: true
     0 | D:1      | 0 ||| qw: God list: Okawaru
     0 | D:1      | 0 ||| qw: Allow faded altars: false
     0 | D:1      | 0 ||| qw: Do Orc after D:15 true
     0 | D:1      | 0 ||| qw: Do second Lair branch before Depths: true
     0 | D:1      | 0 ||| qw: Lair rune preference: random
     0 | D:1      | 0 ||| qw: Plans: Normal
     0 | D:1      | 0 ||| PLANNING D:1-11
    64 | D:1      | 64 ||| Stepping ~*~*~tactically~*~*~ (stealth).
    75 | D:1      | Reached skill level 3 in Axes
    75 | D:1      | Reached XP level 2. HP: 14/17 MP: 6/6
    92 | D:1      | 92 ||| Stepping ~*~*~tactically~*~*~ (stealth).
    93 | D:1      | 93 ||| Stepping ~*~*~tactically~*~*~ (stealth).
    94 | D:1      | 94 ||| Stepping ~*~*~tactically~*~*~ (stealth).
    95 | D:1      | 95 ||| Stepping ~*~*~tactically~*~*~ (stealth).
   151 | D:1      | 151 ||| Stepping ~*~*~tactically~*~*~ (stealth).
   158 | D:1      | 158 ||| Stepping ~*~*~tactically~*~*~ (stealth).
   159 | D:1      | 159 ||| Stepping ~*~*~tactically~*~*~ (stealth).
   191 | D:1      | 191 ||| Stepping ~*~*~tactically~*~*~ (stealth).
   192 | D:1      | 192 ||| Stepping ~*~*~tactically~*~*~ (stealth).
   273 | D:1      | 273 ||| Stepping ~*~*~tactically~*~*~ (stealth).
   275 | D:1      | 275 ||| Stepping ~*~*~tactically~*~*~ (stealth).
   277 | D:1      | 277 ||| Stepping ~*~*~tactically~*~*~ (stealth).
   310 | D:1      | 310 ||| Stepping ~*~*~tactically~*~*~ (stealth).
   434 | D:1      | 434 ||| Stepping ~*~*~tactically~*~*~ (stealth).
   436 | D:1      | 436 ||| Stepping ~*~*~tactically~*~*~ (stealth).
   520 | D:1      | Reached XP level 3. HP: 21/21 MP: 7/7
   621 | D:1      | 621 ||| Stepping ~*~*~tactically~*~*~ (stealth).
   630 | D:1      | 630 ||| Stepping ~*~*~tactically~*~*~ (stealth).
   734 | D:1      | 734 ||| UPGRADING to +0 kite shield.
   739 | D:1      | 739 ||| UPGRADING to +0 pair of gloves.
   744 | D:1      | 744 ||| UPGRADING to +0 ring mail.
   754 | D:1      | 754 ||| DROPPING +0 leather armour.
   755 | D:1      | 755 ||| UPGRADING to +0 scale mail.
   765 | D:1      | 765 ||| DROPPING +0 ring mail.
   766 | D:1      | 766 ||| UPGRADING to +0 chain mail.
   776 | D:1      | 776 ||| DROPPING +0 scale mail.
   777 | D:1      | 777 ||| READING scroll labelled VEAFORIRUI.
   778 | D:1      | 778 ||| READING scroll labelled ENEVIO LAAKOT.
   779 | D:1      | 779 ||| READING scroll labelled QASKAL QOYMA.
   780 | D:1      | 780 ||| DROPPING scroll of blinking.
   781 | D:1      | 781 ||| Stepping randomly (stuck).
   782 | D:1      | 782 ||| Stepping ~*~*~tactically~*~*~ (cloud).
   787 | D:1      | HP: 5/21 [poisoned by you (poison gas)]
   790 | D:1      | HP: 2/21 [poisoned by you (poison gas)]
  1064 | D:2      | 1064 ||| STAIRDANCE
  1078 | D:2      | 1078 ||| STAIRDANCE
  1162 | D:2      | 1162 ||| STAIRDANCE
  1204 | D:2      | 1204 ||| STAIRDANCE
  1250 | D:2      | HP: 5/21 [poisoned by an adder]
  1251 | D:2      | Reached skill level 1 in Shields
  1251 | D:2      | 1251 ||| STAIRDANCE
  1252 | D:1      | HP: 2/21 [poisoned by an adder]
  1629 | D:2      | 1629 ||| Stepping ~*~*~tactically~*~*~ (stealth).
  1630 | D:2      | 1630 ||| Stepping ~*~*~tactically~*~*~ (stealth).
  1631 | D:2      | 1631 ||| Stepping ~*~*~tactically~*~*~ (stealth).
  1637 | D:2      | 1637 ||| Stepping ~*~*~tactically~*~*~ (hiding).
  1748 | D:2      | 1748 ||| Stepping ~*~*~tactically~*~*~ (stealth).
  1752 | D:2      | Reached XP level 4. HP: 26/26 MP: 8/8
  1893 | D:2      | Reached skill level 4 in Axes
  1967 | D:2      | Found a faded altar of an unknown god.
  2398 | D:2      | 2398 ||| UPGRADING to +6 ring of dexterity.
  2399 | D:2      | 2399 ||| UPGRADING to ring of willpower.
  2400 | D:2      | 2400 ||| READING 2 scrolls labelled NUMENI BOOLL.
  2401 | D:2      | 2401 ||| READING scroll labelled XESOTO BUMU.
  2402 | D:2      | 2402 ||| DRINKING 2 puce potions.
  2403 | D:2      | 2403 ||| DRINKING 3 fizzy blue potions.
  2425 | D:2      | 2425 ||| DROPPING scroll of amnesia.
  2426 | D:2      | 2426 ||| DROPPING 2 potions of lignification.
  2427 | D:2      | 2427 ||| Stepping randomly (stuck).
  2429 | D:2      | 2429 ||| Stepping randomly (stuck).
  2433 | D:2      | 2433 ||| Stepping randomly (stuck).
  2455 | D:3      | 2455 ||| STAIRDANCE
  2490 | D:3      | Noticed Natasha
  2491 | D:3      | 2491 ||| Stepping ~*~*~tactically~*~*~ (hiding).
  2493 | D:3      | 2493 ||| Stepping ~*~*~tactically~*~*~ (hiding).
  2503 | D:3      | Killed Natasha
  2504 | D:3      | Reached skill level 3 in Shields
  2504 | D:3      | Gained mutation: Your magical nature lets you fly swiftly
                  | and evasively. [Tengu growth]
  2504 | D:3      | Reached XP level 5. HP: 14/30 MP: 9/9
  2797 | D:3      | Noticed Natasha
  2824 | D:3      | Killed Natasha
  2984 | D:3      | Found a hide-covered altar of Uskayaw.
  3122 | D:3      | Noticed Natasha
  3123 | D:3      | 3123 ||| Stepping ~*~*~tactically~*~*~ (hiding).
  3125 | D:3      | 3125 ||| Stepping ~*~*~tactically~*~*~ (hiding).
  3131 | D:3      | Killed Natasha
  3132 | D:3      | Reached skill level 5 in Axes
  3184 | D:3      | Reached XP level 6. HP: 30/35 MP: 10/10
  3290 | D:3      | Identified the +0 spear "Meuto" {flame, rElec rPois rN++
                  | Dex-5}
  4019 | D:3      | 4019 ||| READING scroll labelled LYSECO RUFITAL.
  4020 | D:3      | 4020 ||| READING 3 scrolls labelled LOJIGG LAIKITI.
  4025 | D:3      | 4025 ||| DRINKING 2 clear potions.
  4026 | D:3      | 4026 ||| READING 2 scrolls of identify.
  4026 | D:3      | 4026 ||| IDENTIFYING emerald potion
  4027 | D:3      | 4027 ||| DROPPING potion of flight.
  4379 | D:4      | 4379 ||| DROPPING +0 whip.
  4398 | D:4      | Found a radiant altar of Vehumet.
  4398 | D:4      | Found a bloodstained altar of Trog.
  4439 | D:4      | Noticed a black bear
  4452 | D:4      | Killed a black bear
  4453 | D:4      | Reached skill level 6 in Axes
  4573 | D:4      | Found a staircase to the Ecumenical Temple.
  4574 | D:4      | 4574 ||| PLANNING TEMPLE
  4577 | D:4      | Reached XP level 7. HP: 40/40 MP: 11/11
  4584 | Temple   | Entered the Ecumenical Temple
  4597 | Temple   | Became a worshipper of Warmaster Okawaru
  4626 | Temple   | 4626 ||| PLANNING D:1-11
  5072 | D:4      | 5072 ||| Stepping ~*~*~tactically~*~*~ (stealth).
  5150 | D:4      | Found a blossoming altar of Fedhas.
  5171 | D:4      | Noticed an oklob plant
  5194 | D:4      | Killed from afar by an oklob plant

Levels and vault maps discovered:
D:1:      dpeg_arrival_simpleton_b, layout_rooms
D:2:      layout_loops_ring, nicolae_ecumenical_lake_church,
          chequers_decorated_corner
D:3:      layout_loops_corners, nicolae_uskayaw_dance_hall,
          minmay_tree_intersection, kennysheep_crisscross,
          minmay_increasing_density, uniq_natasha
D:4:      layout_loops_ring, tgw_fedhas, grunt_temple_overflow_open,
          minmay_temple_entry_glassed_door
Temple:   cyrus_circular_temple

Skill      XL: |  1  2  3  4  5  6  7 |
---------------+----------------------+-----
Axes           | 3 4 5 6 |  6.6
Shields        | 1 3 4 |  4.2
Armour         | 2 |  2.1
Fighting       | |  2.0
Throwing       | |  1.0
Dodging        | |  2.1
Spellcasting   | |  2.0
Translocations | |  2.4

Action                   |  1- 3 |  4- 6 |  7- 9 || total
-------------------------+-------+-------+-------++-------
Melee: Hand axe          |    75 |   165 |    37 ||   277
       Kick              |    11 |    49 |    19 ||    79
       Peck              |     9 |    20 |     9 ||    38
Throw: Boomerang         |     7 |       |       ||     7
  Use: Scroll            |     3 |     5 |       ||     8
       Potion            |       |     3 |       ||     3
Armor: Leather armour    |     8 |       |       ||     8
       Chain mail        |    20 |    71 |    10 ||   101
Dodge: Dodged            |    37 |    31 |     7 ||    75
Block: Kite shield       |     9 |    68 |    11 ||    88

Table legend:
 A = Non-vault XP
 B = Vault XP
 C = Vault XP percentage of total XP
 D = Non-vault monster count
 E = Vault monster count
 F = Vault count percentage of total count
                 A         B        C        D         E       F
            +---------+---------+-------+---------+---------+-------
      Total |     732 |      46 |   5.9 |      88 |       7 |   7.4
            +---------+---------+-------+---------+---------+-------
        D:1 |      50 |       0 |   0.0 |      22 |       0 |   0.0
        D:2 |      86 |       0 |   0.0 |      19 |       0 |   0.0
        D:3 |     197 |      46 |  18.9 |      27 |       7 |  20.6
        D:4 |     399 |       0 |   0.0 |      20 |       0 |   0.0
            +---------+---------+-------+---------+---------+-------
